 Dungeon Crawl Stone Soup version 0.17-a0-913-g36eb389 (webtiles) character file.

69256 Lathuz the Severer (level 14, 0/190 HPs)
             Began as a Minotaur Berserker on May 3, 2015.
             Was a High Priest of Trog.
             Slain by an orc knight
             ... wielding a +0 war axe
              (4 damage)
             ... on level 4 of the Orcish Mines.
             The game lasted 01:25:17 (25771 turns).

Lathuz the Severer (Minotaur Berserker)            Turns: 25771, Time: 01:25:18

Health: 0/190      AC: 20    Str: 28    XL:     14   Next: 89%
Magic:  7/7        EV: 12    Int:  6    God:    Trog [*****.]
Gold:   2188       SH:  0    Dex: 14    Spells: 0 memorised, 13 levels left

rFire  + . .     SeeInvis .     c - +4 executioner's axe (antimagic)
rCold  x . .     Clarity  .     E - +1 plate armour
rNeg   + . .     SustAb   .     (no shield)
rPois  .         Gourm    .     (helmet restricted)
rElec  .         Spirit   .     S - +2 cloak {+Inv}
rCorr  .         Warding  +     (no gloves)
rMut   .         Stasis   .     (no boots)
MR     +....                    x - amulet of warding
Stlth  ..........               m - +3 ring of evasion
                                d - ring of fire

@: berserking, very quick, somewhat resistant to hostile enchantments, extremely
unstealthy
A: retaliatory headbutt, horns 2, breathe flames 1, clever 1
a: Burn Spellbooks, Berserk, Trog's Hand, Brothers in Arms, Renounce Religion,
Breathe Fire, Evoke Invisibility


You were on level 4 of the Orcish Mines.
You worshipped Trog.
Trog was extremely pleased with you.
You were not hungry.

You visited 3 branches of the dungeon, and saw 22 of its levels.
You also visited: Ossuary.

You collected 2188 gold pieces.

Inventory:

Hand weapons
 c - a +4 antimagic executioner's axe (weapon)
 p - a +9 antimagic battleaxe
Armour
 E - a +1 plate armour (worn)
 S - a +2 cloak of invisibility (worn)
Jewellery
 d - a ring of fire (left hand)
 m - a +3 ring of evasion (right hand)
 x - an amulet of warding (around neck)
 F - an uncursed ring of see invisible {unknown}
 P - the brooch of Shielding {Ward rN+ AC+4 EV+4}
   (You found it on level 9 of the Dungeon)

   [amulet of warding]

   It may prevent the melee attacks of summoned creatures.
   It affects your AC (+4).
   It affects your evasion (+4).
   It protects you from negative energy.
 W - an uncursed ring of invisibility
Magical devices
 n - a wand of digging (15)
 w - a wand of frost (34)
 D - a wand of polymorph (18)
 Q - a wand of lightning (10)
 R - a wand of fireball (4)
 T - a wand of draining (6)
 U - a wand of disintegration (5)
 Z - a wand of invisibility (6)
Scrolls
 e - 7 scrolls of identify
 g - 2 scrolls of teleportation
 h - a scroll of enchant armour
 i - a scroll of blinking
 j - 6 scrolls of recharging
 k - 3 scrolls of fog
 v - 2 scrolls of fear
 J - a scroll of silence {unknown}
 L - 6 scrolls of remove curse
 N - 2 scrolls of enchant weapon
Potions
 b - 3 potions of berserk rage
 f - a potion of magic {unknown}
 o - 9 potions of curing
 q - 6 potions of might
 s - 3 potions of mutation {unknown}
 t - 2 potions of flight {unknown}
 u - 3 potions of brilliance {unknown}
 z - a potion of haste
 A - a potion of invisibility {unknown}
 B - 3 potions of agility {unknown}
 H - 2 potions of heal wounds
 Y - 2 potions of lignification {unknown}
Comestibles
 a - 15 fruits
 l - 9 meat rations
 r - 2 slices of pizza
 C - a bread ration
 G - 3 chunks of flesh
 K - 14 beef jerkies
 O - 12 royal jellies


   Skills:
 + Level 12.7 Fighting
 - Level 20.9 Axes
 + Level 12.5 Armour
 - Level 2.1 Dodging
 - Level 10.7 Evocations


You had 13 spell levels left.
You didn't know any spells.

Dungeon Overview and Level Annotations

Branches:
Dungeon (10/15)            Temple (0/1) D:4            Lair (8/8) D:9
 Shoals (0/4) Lair:4       Spider (0/4) Lair:6        Slime (0/6) Lair:8
    Orc (4/4) D:10
    Elf: Orc:3-4

Altars:
Ashenzari
Dithmenos
Elyvilon
Gozag
Makhleb
Okawaru
Qazlal
Ru
Trog
Vehumet
Xom
Zin
The Shining One
Beogh

Shops:
D:9 *   D:10 ??   Orc:1 }


Innate Abilities, Weirdness & Mutations

You reflexively headbutt those who attack you in melee.
You have a pair of horns on your head.
You can breathe flames.
Your mind is acute. (Int +2)


Message History

The orange demon's attack is warded away.
The neqoxec's attack is warded away.
The blue devil hits you but does no damage.
You carve the blue devil like a ham!!!
You kill the blue devil!
Your plate armour prevents you from hitting the orc knight.
The orc knight is moderately wounded.
You slice the orc warrior!!
You kill the orc warrior!
Trog accepts your kill.
You closely miss the neqoxec. You barely miss the orc warlord.
The orc warlord is almost dead.
You closely miss the orc knight.
The orc knight is severely wounded.
The orc warrior barely misses you.
The orc warlord roars a battlecry!
The orcs go into a battle-frenzy!
The orc warlord barely misses you. The orc warrior misses you.
The orc knight hits you with a war axe.
You die...

#...............#
#####................
.....#.....).........#
o.....#......))........
........................
....44..o........#......
....o.o.................
....o.33o)...............
....oooo@o...............
...ooo3o#)...............
.oooo4o#................
..######................
. #................
#......).........
#......)..#......
#......))).......
#......))).......


You could see an orc warlord, 2 orc knights, an ice devil, 2 orc high priests,
an orange demon, a neqoxec, a chaos spawn, an orc sorcerer (frenzied), 2 red
devils, 7 orc warriors, 3 orc wizards and 4 orcs.

Vanquished Creatures
  An azure jelly (Lair:8)
  A fire dragon (Lair:8)
  5 hydras
  A queen ant (Lair:4)
  An orc high priest (Orc:4)
  9 death yaks
  An unseen horror (D:9)
  Pikel (D:6)
  An orc knight (Orc:4)
  3 griffons
  An orc sorcerer (Orc:4)
  2 lindwurms (Lair:8)
  The ghost of Borgoz the Covert, an experienced HaAs (D:6)
  15 elephants
  A sixfirhy (Orc:4)
  7 black mambas
  3 sirens (Lair:4)
  12 spiny frogs
  6 torpor snails
  9 komodo dragons
  3 trolls
  A blue devil (Orc:4)
  6 fire drakes
  6 polar bears (Lair:8)
  A two-headed ogre (D:8)
  A slime creature (Lair:8)
  A merfolk (Lair:4)
  A raiju (Lair:8)
  Grinder (D:4)
  2 giant leeches (Lair:8)
  24 blink frogs
  3 wyverns
  42 yaks
  4 basilisks
  15 wolves
  9 hippogriffs
  Menkaure (D:7)
  8 wargs
  Edmund (D:6)
  9 soldier ants (Lair:4)
  8 spiders (Lair:6)
  A wandering mushroom (Lair:2)
  9 porcupines
  2 sky beasts
  2 hell hounds (Lair:8)
  An ice beast (D:8)
  A phantom (D:9)
  7 orc warriors
  14 water moccasins
  5 ogres
  11 black bears (Lair:8)
  4 boring beetles
  9 crocodiles
  4 wasps (Lair:8)
  2 big kobolds
  4 brain worms (Lair:8)
  17 giant frogs
  A gnoll sergeant (Orc:4)
  A wyvern skeleton (D:10)
  8 wights
  3 scorpions
  10 killer bees (D:8)
  2 goliath beetles (D:9)
  3 crimson imps
  2 centaur zombies
  A giant frog zombie (D:8)
  21 orc priests
  12 orc wizards
  6 iguanas
  Crazy Yiuf (D:7)
  12 jellies
  19 worker ants
  A gnoll shaman (D:4)
  18 hounds
  36 sheep
  3 mummies (Ossuary)
  3 worker ant zombies
  46 river rats
  4 adders
  12 gnolls
  A shadow imp (D:10)
  6 oozes
  2 adder skeletons
  An adder zombie (D:9)
  21 worms
  9 giant geckos
  94 orcs
  A bat skeleton (D:6)
  10 giant cockroaches
  12 goblins
  18 hobgoblins
  19 jackals
  4 quokkas
  3 ball pythons
  15 bats
  2 giant gecko skeletons
  6 giant newts
  A giant spore (D:7)
  2 gnoll zombies (Ossuary)
  14 kobolds
  A kobold zombie (Ossuary)
  An orc zombie (Ossuary)
  A quokka skeleton (D:5)
  17 rats
  3 ballistomycetes (D:7)
  11 fungi
  13 plants
834 creatures vanquished.

Vanquished Creatures (collateral kills)
  A hydra (Lair:8)
  A spiny frog (Lair:8)
  2 polar bears (Lair:8)
  A wolf (Lair:8)
  A water moccasin (Lair:8)
  2 hell hounds (Lair:8)
  A slave (D:6)
  A black bear (Lair:8)
  A centaur zombie (D:6)
  An orc (Orc:4)
12 creatures vanquished.

Vanquished Creatures (others)
  An ogre (D:7)
  4 sheep (D:4)
  A giant cockroach (D:6)
  A wandering mushroom (Lair:2)
  6 fungi
  13 plants (Lair:8)
26 creatures vanquished.

Grand Total: 872 creatures vanquished

Notes
Turn   | Place    | Note
--------------------------------------------------------------
     0 | D:1      | Lathuz, the Minotaur Berserker, began the quest for the Orb.
     0 | D:1      | Reached XP level 1. HP: 19/19 MP: 0/0
    34 | D:1      | Reached skill level 4 in Axes
   327 | D:1      | Reached XP level 2. HP: 26/26 MP: 1/1
   933 | D:2      | Reached skill level 5 in Axes
  1011 | D:2      | Found a sacrificial altar of Ru.
  1034 | D:2      | Acquired Trog's second power
  1034 | D:2      | Reached XP level 3. HP: 28/31 MP: 2/2
  1536 | D:3      | Reached XP level 4. HP: 39/39 MP: 3/3
  1543 | D:3      | Reached skill level 6 in Axes
  1805 | D:3      | Found a glowing drain.
  1997 | D:3      | Found a bloodstained altar of Trog.
  1998 | D:3      | Found a radiant altar of Vehumet.
  2140 | D:3      | Found an opulent altar of Gozag.
  2321 | D:4      | Reached skill level 7 in Axes
  2321 | D:4      | Reached XP level 5. HP: 31/45 MP: 4/4
  2501 | D:4      | Noticed an orc warrior
  2513 | D:4      | Killed an orc warrior
  2513 | D:4      | Reached skill level 8 in Axes
  2735 | D:4      | Noticed an ogre
  2743 | D:4      | Killed an ogre
  2743 | D:4      | Reached XP level 6. HP: 13/51 MP: 5/5
  3015 | D:4      | Found a staircase to the Ecumenical Temple.
  3060 | D:4      | Reached skill level 9 in Axes
  3294 | D:4      | Reached XP level 7. HP: 45/57 MP: 6/6
  3549 | D:4      | Noticed a giant frog
  3551 | D:4      | Noticed Grinder
  3557 | D:4      | Killed a giant frog
  3557 | D:4      | Acquired Trog's third power
  3557 | D:4      | Reached skill level 10 in Axes
  3576 | D:4      | Killed Grinder
  4164 | D:4      | Found a shimmering altar of Xom.
  4166 | D:4      | Reached skill level 11 in Axes
  4585 | D:5      | Entered Level 5 of the Dungeon
  4623 | D:5      | Found a sand-covered staircase.
  4640 | Ossuary  | Entered an ossuary
  5033 | D:5      | Reached XP level 8. HP: 64/64 MP: 7/7
  5376 | D:5      | Found an iron altar of Okawaru.
  5467 | D:5      | Reached skill level 12 in Axes
  5916 | D:6      | Noticed Edmund
  5926 | D:6      | Killed Edmund
  5927 | D:6      | Found a white marble altar of Elyvilon.
  6028 | D:6      | Found a shadowy altar of Dithmenos.
  6096 | D:6      | Noticed Borgoz's ghost (experienced HaAs)
  6112 | D:6      | Killed Borgoz's ghost
  6115 | D:6      | Reached skill level 5 in Fighting
  6191 | D:6      | Found a radiant altar of Vehumet.
  6249 | D:6      | Noticed Pikel
  6262 | D:6      | Killed Pikel
  6262 | D:6      | Reached skill level 5 in Armour
  6262 | D:6      | Reached XP level 9. HP: 49/75 MP: 8/8
  6871 | D:7      | Found a shattered altar of Ashenzari.
  6880 | D:7      | Noticed Menkaure
  6886 | D:7      | Killed Menkaure
  7149 | D:7      | Noticed Crazy Yiuf
  7154 | D:7      | Killed Crazy Yiuf
  7830 | D:8      | Found a burning altar of Makhleb.
  7832 | D:8      | Reached XP level 10. HP: 84/91 MP: 9/9
  8511 | D:8      | Found a glowing golden altar of the Shining One.
  8688 | D:9      | Reached skill level 10 in Fighting
  8780 | D:9      | Found a stormy altar of Qazlal.
  8854 | D:9      | Found a glowing silver altar of Zin.
  8967 | D:9      | Noticed a death yak
  8968 | D:9      | Found a staircase to the Lair.
  8968 | D:9      | Noticed an elephant
  8979 | D:9      | Killed a death yak
  8979 | D:9      | Reached skill level 10 in Armour
  8981 | D:9      | Killed an unseen horror
  8985 | D:9      | Killed an elephant
  9188 | D:9      | Received a gift from Trog
  9390 | D:9      | Reached XP level 11. HP: 98/104 MP: 10/10
  9514 | D:9      | Found Nigoto's Assorted Antiques.
  9618 | Lair:1   | Entered Level 1 of the Lair of Beasts
 10482 | Lair:1   | Reached skill level 1 in Evocations
 10634 | Lair:1   | Reached skill level 13 in Axes
 12055 | Lair:2   | Reached skill level 14 in Axes
 13797 | Lair:3   | Reached XP level 12. HP: 93/112 MP: 14/14
 13888 | Lair:3   | Reached skill level 15 in Axes
 14411 | Lair:4   | Reached skill level 5 in Evocations
 15104 | Lair:4   | Reached skill level 16 in Axes
 15372 | Lair:4   | Found a staircase to the Shoals.
 16722 | Lair:5   | Reached skill level 17 in Axes
 16927 | Lair:5   | Gained mutation: You can breathe flames. [potion of beneficial mutation]
 16928 | Lair:5   | Gained mutation: Your mind is acute. (Int +2) [potion of beneficial mutation]
 17124 | Lair:5   | Noticed a six-headed hydra
 17134 | Lair:5   | Killed a ten-headed hydra
 17422 | Lair:5   | Reached XP level 13. HP: 118/118 MP: 17/17
 18175 | Lair:6   | Found a hole to the Spider Nest.
 18566 | Lair:6   | Received a gift from Trog
 18914 | Lair:7   | Reached skill level 18 in Axes
 20025 | Lair:8   | Entered Level 8 of the Lair of Beasts
 20051 | Lair:7   | Received a gift from Trog
 20414 | Lair:8   | Reached skill level 19 in Axes
 21022 | Lair:8   | Reached XP level 14. HP: 103/126 MP: 6/20
 21247 | Lair:8   | Found a staircase to the Slime Pits.
 21369 | Lair:8   | Found a runed door.
 21843 | Lair:8   | Reached skill level 20 in Axes
 21902 | Lair:8   | Reached skill level 10 in Evocations
 22305 | Lair:8   | Noticed an azure jelly
 22329 | Lair:8   | Received a gift from Trog
 22335 | Lair:8   | Killed an azure jelly
 23422 | Lair:5   | Received a gift from Trog
 23538 | D:10     | Entered Level 10 of the Dungeon
 23538 | D:10     | Found Etim's Magic Scroll Shoppe.
 23578 | D:10     | Found Azakyu Owko's Magic Scroll Shoppe.
 24101 | D:10     | Found a staircase to the Orcish Mines.
 24218 | Orc:1    | Entered Level 1 of the Orcish Mines
 24233 | Orc:1    | Found Udira's Quality Used Wands.
 24973 | Orc:4    | Entered Level 4 of the Orcish Mines
 24976 | Orc:4    | Found a roughly hewn altar of Beogh.
 25231 | Orc:4    | Received a gift from Trog
 25745 | Orc:4    | Noticed an orc warlord
 25770 | Orc:4    | HP: 4/190 [orc knight/great sword (36)]
 25771 | Orc:4    | Slain by an orc knight

Action                   |  1- 3 |  4- 6 |  7- 9 | 10-12 | 13-15 || total
-------------------------+-------+-------+-------+-------+-------++-------
Melee: Hand axe          |    64 |   175 |    50 |       |       ||   289
       Broad axe         |       |       |   121 |       |       ||   121
       Battleaxe         |       |       |   168 |   350 |   725 ||  1243
       Lajatang          |       |       |       |   255 |       ||   255
       Executioner's axe |       |       |       |       |    50 ||    50
Invok: Burn Spellbooks   |     1 |       |       |       |     1 ||     2
       Berserk           |       |     5 |     5 |    10 |    15 ||    35
       Brothers in Arms  |       |       |     2 |     2 |     4 ||     8
       Trog's Hand       |       |       |       |     1 |     2 ||     3
Evoke: Wand              |       |       |       |     3 |       ||     3
  Use: Scroll            |       |       |     8 |    17 |     5 ||    30
       Potion            |       |       |       |     2 |     1 ||     3
  Eat: Chunk             |     2 |    11 |    19 |    23 |    32 ||    87
       Meat ration       |       |       |     1 |     1 |     1 ||     3
       Beef jerky        |       |       |       |     5 |     2 ||     7
       Bread ration      |       |       |       |       |     1 ||     1
